Map: Nightscape LE

Players

Hume

  • Race: Zerg Zerg
  • Spawn Location: 1:00

Zeppo

  • Race: Protoss Protoss
  • League: Platinum
  • Spawn Location: 1:00

Massa - Winner!

  • Race: Terran Terran
  • League: Platinum
  • Spawn Location: 7:00

qqq - Winner!

  • Race: Protoss Protoss
  • Spawn Location: 7:00

VOD

Have the link to the VOD?

Description

Time

  • Played on: Oct. 30, 2020, 3:45 p.m.
  • Length: 11:54
Show
View Real Time Build Order
Export as new Build Order

Hume Zerg 

Build Orders: Pool First 

Get SALT Encoding   

  12  0:01  Drone  
  13  0:12  Drone  
  14  0:16  Overlord  
  14  0:35  Drone x3  
  17  0:48  Drone  
  18  0:53  Spawning Pool  
  17  0:57  Drone  
  19  1:11  Drone  
  19  1:12  Extractor  
  18  1:31  Drone  
  18  1:32  Drone  
  20  1:46  Zergling x2  
  21  1:50  Zergling x2  
  22  2:00  Hatchery  
  21  2:02  Zergling x2  
  22  2:57  Overlord x2  
  22  3:06  Overlord  
  22  3:11  Queen  
  22  3:12  Zergling x4  
  25  3:13  Queen  
  25  3:27  Zergling x2  
  25  3:28  Zergling x2  
  27  3:34  Zergling x4  
  26  3:59  Drone x3  
  26  4:00  Drone  
  30  4:07  Zergling x4  
  32  4:13  Zergling x2  
  33  4:19  Zergling x2  
  33  4:23  Lair  
  33  4:29  Zergling x4  
  33  4:30  Zergling x4  
  34  4:43  Hatchery  
  32  4:46  Metabolic Boost, Zergling x4  
  32  4:47  Zergling x4  
  32  4:49  Zergling x4  
  38  4:54  Drone x2  
  40  5:25  Spire  
  40  5:27  Drone x3  
  40  5:28  Drone, Extractor, Overlord  
  43  5:29  Overlord x2  
  42  5:37  Overlord x2  
  42  5:38  Drone  
  43  5:46  Queen  
  45  5:50  Drone x4  
  45  5:51  Drone  
  45  5:52  Drone  
  51  6:13  Queen  
  53  6:21  Hydralisk Den  
  51  6:43  Evolution Chamber  
  51  6:44  Evolution Chamber  
  51  6:46  Drone x4  
  53  6:50  Drone x2  
  55  6:55  Extractor  
  55  6:57  Drone x7, Extractor  
  55  6:58  Drone x5  
  55  7:00  Drone  
  55  7:01  Drone x2  
  68  7:04  Overseer  
  68  7:07  Hydralisk  
  70  7:18  Hydralisk x3  
  74  7:40  Overlord x4  
  70  7:54  Overlord x4  
  70  7:58  Queen  
  63  7:59  Queen  
  63  8:04  Spore Crawler  
  60  8:06  Spore Crawler  
  59  8:13  Drone x4  
  59  8:15  Drone x2, Extractor  
  59  8:16  Drone x2  
  59  8:17  Extractor  
  65  8:35  Hydralisk  
  65  8:38  Overlord x4  
  63  8:54  Overlord x5  
  59  9:02  Drone x2  
  61  9:07  Drone  
  61  9:08  Spore Crawler  
  62  9:10  Drone x3, Spore Crawler  
  59  9:25  Hydralisk x3  
  59  9:26  Hydralisk  
  59  9:29  Grooved Spines  
  67  9:35  Hydralisk x2  
  67  9:36  Hydralisk  
  73  9:52  Hydralisk x2  
  72  9:53  Hydralisk x3  
  80  10:05  Hydralisk x4  
  80  10:09  Hydralisk  
  73  10:15  Hydralisk x2  
  63  10:40  Overlord  
  63  10:41  Overlord x6  
  57  10:57  Overlord x3  
  57  10:58  Overlord  
  57  11:05  Overseer  
  57  11:08  Drone  
  57  11:10  Drone x2  
  60  11:13  Drone  
  60  11:14  Drone  
  62  11:20  Drone x2  
Show
View Real Time Build Order
Export as new Build Order

Zeppo Protoss 

Build Orders: Cannon Rush 

Get SALT Encoding   

  12  0:00  Probe (Chrono Boost)  
  13  0:10  Probe (Chrono Boost)  
  14  0:18  Pylon  
  14  0:21  Probe  
  15  0:36  Probe  
  15  0:37  Gateway  
  16  0:49  Probe  
  17  0:52  Forge  
  17  1:01  Probe  
  18  1:11  Assimilator  
  18  1:13  Probe  
  19  1:25  Photon Cannon  
  19  1:29  Probe (Chrono Boost)  
  19  1:30  Pylon  
  19  1:44  Pylon  
  19  1:47  Photon Cannon  
  19  1:54  Photon Cannon  
  19  2:01  Pylon  
  19  2:06  Photon Cannon  
  19  2:21  Photon Cannon  
  12  3:42  Nexus  
  12  3:48  Pylon  
  11  4:22  Probe  
  12  4:56  Probe  
  13  5:12  Photon Cannon  
  13  5:23  Cybernetics Core  
  13  5:26  Probe (Chrono Boost)  
  14  5:41  Probe (Chrono Boost)  
  15  5:49  Assimilator  
  15  6:00  Stargate  
  15  6:03  Assimilator  
  15  6:04  Probe  
  16  6:14  Shield Battery  
  16  6:16  Probe  
  17  6:28  Probe (Chrono Boost)  
  19  6:40  Probe (Chrono Boost)  
  19  6:49  Oracle  
  22  6:57  Nexus  
  22  7:01  Probe (Chrono Boost)  
  23  7:11  Probe (Chrono Boost)  
  24  7:31  Pylon  
  24  7:41  Void Ray  
  24  7:45  Probe  
  29  7:57  Probe, Photon Cannon  
  30  7:59  Photon Cannon  
  30  8:00  Shield Battery  
  30  8:09  Probe  
  28  8:22  Probe  
  28  8:26  Photon Cannon  
  29  8:28  Pylon  
  29  8:31  Void Ray (Chrono Boost)  
  29  8:34  Probe  
  29  8:54  Probe (Chrono Boost)  
  30  8:56  Photon Cannon  
  30  8:59  Probe (Chrono Boost)  
  32  9:10  Probe (Chrono Boost), Stargate  
  32  9:23  Void Ray (Chrono Boost)  
  32  9:24  Probe  
  32  9:29  Probe  
  34  9:36  Probe  
  39  9:41  Probe  
  38  9:50  Void Ray (Chrono Boost)  
  35  9:55  Pylon  
  35  10:05  Probe (Chrono Boost)  
  37  10:07  Probe (Chrono Boost)  
  37  10:17  Probe (Chrono Boost)  
  38  10:21  Void Ray  
  38  10:24  Probe (Chrono Boost)  
  43  10:34  Probe (Chrono Boost)  
  45  10:36  Probe (Chrono Boost)  
  46  10:43  Probe (Chrono Boost)  
  46  10:48  Void Ray  
  50  10:59  Pylon  
  50  11:02  Pylon  
  49  11:18  Shield Battery  
  49  11:21  Shield Battery x2  
Show
View Real Time Build Order
Export as new Build Order

Massa Terran - Winner!

Build Orders: Gas First Reaper Expand 

Get SALT Encoding   

  12  0:00  SCV  
  13  0:12  SCV  
  14  0:22  Supply Depot  
  14  0:25  Refinery  
  14  0:27  SCV  
  15  0:43  SCV  
  15  0:45  Barracks  
  16  0:55  SCV  
  17  1:08  SCV  
  18  1:36  Orbital Command  
  18  1:38  Reaper  
  19  1:45  Command Center  
  19  2:03  SCV  
  19  2:05  Supply Depot  
  20  2:10  Marine  
  20  2:15  SCV  
  22  2:27  SCV  
  23  2:41  Barracks Reactor  
  23  2:45  Bunker  
  23  2:48  SCV  
  24  2:57  Orbital Command, Factory  
  24  2:59  Barracks  
  24  3:00  SCV  
  24  3:04  Supply Depot  
  25  3:12  SCV  
  26  3:20  Supply Depot  
  26  3:21  Marine x2  
  26  3:26  SCV x2  
  30  3:38  SCV x2  
  30  3:39  Marine x2  
  33  3:58  Marine x2  
  33  4:00  Factory Reactor  
  33  4:01  Barracks Tech Lab  
  35  4:03  SCV x2  
  35  4:09  Bunker  
  37  4:14  Supply Depot  
  37  4:15  SCV x2  
  37  4:16  Marine x2  
  41  4:21  Refinery  
  41  4:23  Command Center  
  41  4:26  Starport  
  41  4:27  SCV, Engineering Bay  
  41  4:30  Supply Depot  
  42  4:42  Marine x2  
  46  4:45  Hellion  
  46  4:47  Hellion  
  46  4:49  Stimpack  
  46  4:51  SCV  
  49  4:54  Supply Depot  
  49  4:58  Refinery  
  49  4:59  Refinery, Marine  
  49  5:00  Marine  
  49  5:07  Hellion  
  53  5:09  Hellion  
  53  5:12  SCV x2  
  57  5:17  Marine x2  
  57  5:18  Missile Turret  
  59  5:21  Missile Turret  
  59  5:27  SCV x2  
  59  5:28  Hellion  
  63  5:34  Hellion  
  63  5:35  Marine x2  
  65  5:37  Medivac  
  65  5:39  SCV x2  
  65  5:41  Marauder  
  73  5:49  Hellion  
  75  5:51  SCV  
  76  6:02  Widow Mine  
  76  6:03  Marauder  
  80  6:06  Marine x2  
  80  6:11  Widow Mine  
  84  6:24  Widow Mine, Marine x3  
  89  6:28  Combat Shield  
  89  6:32  Widow Mine  
  81  6:45  Widow Mine  
  83  6:54  Widow Mine, Marine x2  
  85  6:55  Marauder  
  89  7:01  Orbital Command  
  89  7:02  SCV  
  89  7:03  SCV  
  89  7:06  Widow Mine  
  93  7:12  Marine x2  
  93  7:15  Widow Mine, SCV x2  
  99  7:19  Marauder  
  101  7:29  SCV  
  101  7:33  Marine  
  101  7:53  Supply Depot  
  101  7:54  Supply Depot  
  101  7:55  Supply Depot x3  
  101  7:57  Supply Depot x2  
  101  8:01  Barracks  
  101  8:03  Barracks  
  101  8:13  Missile Turret  
  101  8:15  SCV x2, Marauder, Marine x2  
  101  8:16  Missile Turret x2  
  101  8:19  Supply Depot x3  
  107  8:29  SCV x3  
  107  8:30  Barracks  
  107  8:33  Factory Tech Lab  
  112  8:36  Starport Reactor  
  112  8:37  Marauder  
  112  8:41  SCV x3  
  112  8:47  Command Center  
  115  8:49  Barracks  
  115  8:52  Command Center  
  115  8:53  SCV x2  
  115  8:54  SCV  
  115  8:55  Barracks Reactor  
  118  9:01  Barracks, Terran Infantry Weapons Level 1  
  118  9:03  Barracks Tech Lab  
  118  9:04  Armory  
  118  9:05  Engineering Bay  
  118  9:15  Refinery  
  118  9:17  Refinery  
  118  9:20  Missile Turret  
  118  9:21  SCV  
  118  9:22  SCV x2  
  121  9:28  Siege Tank  
  124  9:33  Marauder x2  
  124  9:34  SCV x3  
  124  9:35  Marine  
  124  9:36  Marine  
  124  9:38  Marine  
  134  9:39  Marine, Missile Turret  
  134  9:41  Marine x2  
  138  9:46  SCV x3  
  138  9:47  Barracks Tech Lab  
  140  9:53  Marine  
  140  9:54  Marauder x2, Marine  
  140  9:55  Marine  
  140  9:57  Marine  
  140  9:58  SCV x3  
  151  10:00  Siege Tank  
  151  10:04  Orbital Command  
  151  10:07  Medivac x2  
  156  10:10  SCV  
  159  10:15  Marauder  
  159  10:16  Marauder  
  159  10:19  Marauder, Marine x4  
  159  10:20  Marine x2  
  167  10:36  Marine  
  167  10:37  Marauder x2, Marine x2, Medivac x2  
  167  10:40  Marauder, Concussive Shells  
  167  10:42  Marine x3  
  183  10:49  SCV x3  
  187  10:50  SCV  
  187  10:54  Marine x3  
  187  10:55  Planetary Fortress  
  190  10:58  Marauder x2  
  190  10:59  Marine  
  190  11:01  SCV x3  
  190  11:02  Marauder  
Show
View Real Time Build Order
Export as new Build Order

qqq Protoss - Winner!

Build Orders:  

Get SALT Encoding   

  12  0:00  Probe  
  13  0:14  Pylon  
  13  0:20  Probe  
  14  0:32  Probe  
  15  0:36  Forge  
  15  0:44  Probe  
  16  0:56  Probe  
  17  1:08  Probe  
  18  1:20  Probe  
  19  1:41  Pylon x2  
  19  1:50  Probe  
  20  2:01  Photon Cannon  
  20  2:02  Probe, Photon Cannon  
  20  2:03  Photon Cannon  
  20  2:07  Photon Cannon  
  20  2:08  Pylon  
  21  2:14  Probe  
  22  2:17  Pylon  
  21  2:39  Photon Cannon  
  21  2:54  Gateway  
  21  2:55  Probe  
  21  2:58  Nexus  
  22  3:07  Probe  
  22  3:09  Pylon  
  22  3:11  Assimilator  
  23  3:28  Probe  
  23  3:29  Assimilator  
  24  3:40  Probe  
  25  3:48  Cybernetics Core  
  25  3:52  Pylon  
  25  3:53  Probe, Photon Cannon  
  26  4:05  Probe  
  30  4:17  Probe (Chrono Boost)  
  30  4:18  Probe (Chrono Boost)  
  31  4:27  Stalker  
  31  4:28  Probe (Chrono Boost)  
  31  4:29  Probe (Chrono Boost)  
  33  4:32  Stargate  
  33  4:34  Probe (Chrono Boost)  
  33  4:35  Probe (Chrono Boost)  
  35  4:43  Probe  
  35  4:44  Probe  
  37  4:51  Assimilator  
  37  4:55  Probe, Assimilator  
  37  4:56  Probe  
  39  5:01  Stargate  
  39  5:07  Probe  
  39  5:08  Probe  
  41  5:19  Probe  
  41  5:20  Probe, Phoenix  
  45  5:31  Probe  
  45  5:32  Probe  
  47  5:39  Protoss Air Weapons Level 1 (Chrono Boost)  
  47  5:44  Probe, Phoenix  
  50  6:00  Nexus  
  50  6:02  Phoenix, Pylon  
  52  6:05  Pylon  
  52  6:08  Pylon  
  52  6:09  Phoenix  
  54  6:11  Pylon  
  54  6:14  Pylon  
  54  6:23  Photon Cannon  
  54  6:24  Photon Cannon  
  54  6:26  Shield Battery  
  54  6:27  Phoenix  
  56  6:34  Phoenix  
  56  6:36  Photon Cannon  
  58  6:48  Photon Cannon  
  58  6:52  Phoenix, Shield Battery  
  60  6:55  Photon Cannon  
  60  6:59  Phoenix  
  62  7:17  Phoenix  
  64  7:24  Phoenix  
  66  7:42  Phoenix  
  68  7:49  Phoenix  
  66  8:09  Probe  
  58  8:21  Probe x2  
  60  8:29  Assimilator  
  60  8:33  Probe x2  
  62  8:34  Assimilator  
  62  8:45  Probe  
  62  8:46  Probe  
  62  8:54  Phoenix x2  
  66  8:57  Probe  
  66  8:58  Probe  
  66  9:00  Fleet Beacon  
  69  9:10  Probe  
  69  9:11  Stargate  
  69  9:12  Stargate  
  69  9:16  Pylon  
  70  9:19  Phoenix  
  71  9:26  Protoss Air Armor Level 1  
  71  9:33  Phoenix  
  71  9:36  Probe (Chrono Boost)  
  74  9:44  Phoenix  
  77  9:47  Probe (Chrono Boost)  
  77  9:52  Probe (Chrono Boost)  
  78  10:03  Probe  
  75  10:15  Probe  
  74  10:44  Carrier x2  
  86  10:52  Tempest  
  86  10:55  Probe  
  96  11:07  Probe  
  97  11:19  Probe, Pylon, Nexus  
  97  11:23  Pylon  
  98  11:26  Pylon  
  98  11:31  Probe  
Tags
 
Add a new tag
Caveats
  • Supply blocks, unpowered buildings, or Contaminate may cause inaccurate times.
  • Supply counts are checked every 10 seconds.